 Dungeon Crawl Stone Soup version 0.21.1-1-g345015f (webtiles) character file.

3334 Fang the Cleaver (level 10, -2/94 HPs)
             Began as a Gargoyle Berserker on May 21, 2018.
             Was an Elder of Trog.
             Slain by a troll (7 damage)
             ... on level 7 of the Dungeon on May 22, 2018.
             The game lasted 00:10:42 (5928 turns).

Fang the Cleaver (Gargoyle Berserker)               Turns: 5928, Time: 00:10:43

Health: -2/94      AC: 12    Str: 29    XL:     10   Next: 2%
Magic:  10/10      EV: 14    Int:  8    God:    Trog [****..]
Gold:   495        SH:  0    Dex:  9    Spells: 9/9 levels left

rFire    . . .     SeeInvis +   a - +0 hand axe
rCold    . . .     Gourm    .   (no shield)
rNeg     + . .     Faith    .   D - +1 robe {MR+}
rPois    ∞         Spirit   .   (no helmet)
rElec    +         Reflect  .   (no cloak)
rCorr    .         Harm     +   (no gloves)
MR       +....                  (no boots)
Stlth    ..........             B - amulet of harm
HPRegen  0.25/turn              g - ring of see invisible
MPRegen  0.12/turn              y - +2 ring of protection

@: berserking, very quick
A: negative energy resistance 1, electricity resistance, unbreathing,
petrification resistance, rot immunity, AC +7
a: Berserk, Trog's Hand, Brothers in Arms, Burn Spellbooks, Renounce Religion


You were on level 7 of the Dungeon.
You worshipped Trog.
Trog was greatly pleased with you.
You were near starving.

You visited 1 branch of the dungeon, and saw 8 of its levels.

You collected 495 gold pieces.

Inventory:

Hand Weapons
 a - a +0 hand axe (weapon)
Armour
 D - a +1 robe of magic resistance (worn)
Jewellery
 g - a ring of see invisible (left hand)
 l - an uncursed amulet of the gourmand
 q - an uncursed amulet of regeneration
 y - a +2 ring of protection (right hand)
 B - an amulet of harm (around neck)
Wands
 k - a wand of clouds (6)
 s - a wand of digging (14)
 u - a wand of flame (27)
 z - a wand of random effects (22)
Scrolls
 e - 4 scrolls of teleportation
 h - a scroll of immolation
 n - a scroll of blinking
 o - 4 scrolls of remove curse
 p - a scroll of magic mapping
 x - a scroll of fear
Potions
 b - 2 potions of mutation {unknown}
 d - 5 potions of curing
 f - a potion of agility
 j - a potion of haste {unknown}
 m - 4 potions of brilliance
 r - 2 potions of flight
 t - a potion of ambrosia {unknown}
 w - a potion of lignification {unknown}
 A - 2 potions of heal wounds {unknown}
Books
 v - a book of Changes

   Spells                             Type                      Level
   a - Beastly Appendage              Transmutation                1
   b - Sticks to Snakes               Transmutation                2
   c - Spider Form                    Transmutation/Poison         3
   d - Ice Form                       Ice/Transmutation            4
   e - Blade Hands                    Transmutation                5
   Trog disapproves of the use of such an item.
Comestibles
 c - 8 rations


   Skills:
 + Level 7.6 Fighting
 + Level 9.3 Axes
 + Level 2.4 Armour
 + Level 5.6 Dodging
 + Level 4.1 Stealth


You had 9 spell levels left.
You didn't know any spells.

Dungeon Overview and Level Annotations

Branches:
Dungeon (8/15)             Temple (0/1) D:4
   Lair: D:8-11

Altars:
Ashenzari
Elyvilon
Gozag
Hepliaklqana
Kikubaaqudgha
Makhleb
Okawaru
Trog
Uskayaw
Vehumet
Wu Jian
Zin
The Shining One


Innate Abilities, Weirdness & Mutations

You are resistant to torment.
Your stone body is resilient. (AC +7)
You are immune to poison.
You resist negative energy. (rN+)
You are resistant to electric shocks. (rElec)
You can survive without breathing.
You are immune to petrification.
You are immune to rotting.


Message History

You hit the troll.
The troll is moderately wounded.
You barely miss the troll.
The troll is moderately wounded.
The troll misses you. The troll claws you.
* * * LOW HITPOINT WARNING * * *
The troll barely misses you.
You slash the troll!
The troll is severely wounded.
The troll barely misses you. The troll claws you!
* * * LOW HITPOINT WARNING * * *
The troll claws you but does no damage.
You closely miss the troll.
The troll is severely wounded.
You barely miss the troll.
The troll is severely wounded.
The troll barely misses you. The troll claws you.
* * * LOW HITPOINT WARNING * * *
The troll claws you.
You die...

#...####
#...............#.
#.###
#...............##
##.# ##..............#
#..#
####.....##.....##
..## #..)...##########
###############..##..#
................###.##
.....#########.####.#
####......## #..@T..#
######..###..#####
##......# ##....##
##...## ###....#
#######....#.######
#........##.......#
#.#.#######.......#


You could see a troll.

Vanquished Creatures
  The ghost of leafyfresh the Transmogrifier, a novice MfTm of Elyvilon (D:5)
  The ghost of tamerofbeasts the Shield-Bearer, an amateur MiFi (D:4)
  3 yaks (D:6)
  A black bear (D:7)
  An orc warrior (D:6)
  Purgy (D:4)
  2 phantoms
  A centaur (D:7)
  3 ogres
  3 bullfrogs (D:6)
  A wyvern skeleton (D:7)
  2 howler monkeys (D:6)
  9 crimson imps
  3 orc priests (D:6)
  A centaur skeleton (D:6)
  2 hounds
  2 jellies (D:5)
  10 orc wizards
  7 worker ants
  A hound zombie (D:7)
  A hound skeleton (D:6)
  2 worker ant zombies (D:5)
  5 adders
  2 howler monkey skeletons
  A white imp (D:7)
  2 oozes
  2 adder skeletons
  2 worms (D:3)
  4 dart slugs (D:1)
  3 leopard geckos
  19 orcs
  A bat (D:1)
  3 giant cockroaches
  9 goblins
  6 hobgoblins
  10 jackals
  3 quokkas (D:2)
  2 frilled lizards
  11 kobolds
  2 quokka skeletons (D:5)
  5 rats
  A rat zombie (D:5)
151 creatures vanquished.

Notes
Turn   | Place    | Note
-------+----------+-------------------------------------------
     0 | D:1      | Fang the Gargoyle Berserker began the quest for the Orb.
     0 | D:1      | Reached XP level 1. HP: 14/14 MP: 1/1
    76 | D:1      | Reached XP level 2. HP: 6/19 MP: 2/2
   413 | D:1      | Reached skill level 3 in Axes
   585 | D:1      | Reached XP level 3. HP: 17/24 MP: 3/3
   896 | D:1      | Reached ** piety under Trog
  1008 | D:2      | Found an opulent altar of Gozag.
  1090 | D:2      | Reached XP level 4. HP: 25/29 MP: 4/4
  1280 | D:2      | Found a burning altar of Makhleb.
  1496 | D:2      | Found an ornate altar of the Wu Jian Council.
  1595 | D:2      | Found a glowing silver altar of Zin.
  1595 | D:2      | Found an opulent altar of Gozag.
  1717 | D:3      | Reached skill level 4 in Axes
  1907 | D:3      | Reached XP level 5. HP: 31/33 MP: 5/5
  2231 | D:4      | Found a bloodstained altar of Trog.
  2231 | D:4      | Found a hide-covered altar of Uskayaw.
  2231 | D:4      | Found a glowing golden altar of the Shining One.
  2231 | D:4      | Found an iron altar of Okawaru.
  2231 | D:4      | Found a radiant altar of Vehumet.
  2231 | D:4      | Found a white marble altar of Elyvilon.
  2231 | D:4      | Found a hazy altar of Hepliaklqana.
  2232 | D:4      | Noticed a phantom
  2541 | D:4      | Found a staircase to the Ecumenical Temple.
  2710 | D:4      | Noticed Purgy
  2718 | D:4      | Killed Purgy
  2718 | D:4      | Reached XP level 6. HP: 39/39 MP: 6/6
  2741 | D:4      | Noticed tamerofbeasts's ghost (amateur MiFi)
  2808 | D:4      | Reached skill level 1 in Stealth
  2887 | D:4      | Reached skill level 5 in Axes
  2925 | D:5      | Entered Level 5 of the Dungeon
  3124 | D:4      | Killed tamerofbeasts's ghost
  3124 | D:4      | Reached skill level 5 in Fighting
  3124 | D:4      | Reached XP level 7. HP: 41/44 MP: 7/7
  3952 | D:5      | Reached *** piety under Trog
  4003 | D:5      | Reached skill level 6 in Axes
  4089 | D:5      | Noticed leafyfresh's ghost (novice MfTm)
  4118 | D:5      | Killed leafyfresh's ghost
  4118 | D:5      | Reached XP level 8. HP: 46/51 MP: 8/8
  4360 | D:5      | Found an ancient bone altar of Kikubaaqudgha.
  4434 | D:5      | Reached skill level 7 in Axes
  4585 | D:6      | Noticed a yak
  4586 | D:6      | Noticed a yak
  4587 | D:6      | Noticed a yak
  4598 | D:6      | Killed a yak
  4605 | D:6      | Killed a yak
  4605 | D:6      | Reached XP level 9. HP: 56/56 MP: 9/9
  4704 | D:6      | Reached skill level 8 in Axes
  5036 | D:6      | Found a shattered altar of Ashenzari.
  5124 | D:6      | Reached skill level 5 in Dodging
  5207 | D:6      | Reached **** piety under Trog
  5553 | D:7      | Reached skill level 9 in Axes
  5870 | D:7      | Reached XP level 10. HP: 60/63 MP: 10/10
  5928 | D:7      | Slain by a troll

Skill      XL: |  1  2  3  4  5  6  7  8  9 |
---------------+----------------------------+-----
Axes           | 3 4 5 6 7 9 |  9.3
Fighting       | 4 5 6 7 |  7.6
Dodging        | 2 3 4 5 |  5.6
Stealth        | 1 2 3 4 |  4.1
Armour         | |  2.4

Action                   |  1- 3 |  4- 6 |  7- 9 | 10-12 || total
-------------------------+-------+-------+-------+-------++-------
Melee: Hand axe          |    94 |   166 |   449 |    15 ||   724
Invok: Berserk           |     1 |     4 |     7 |     1 ||    13
       Burn Spellbooks   |       |     1 |     1 |       ||     2
  Use: Scroll            |       |     2 |    11 |       ||    13
 Stab: Sleeping          |       |     3 |     2 |       ||     5
       Distracted        |       |       |     2 |       ||     2
       Confused          |       |       |     2 |       ||     2
  Eat: Chunk             |       |    16 |    13 |       ||    29
       Ration            |       |       |     1 |       ||     1
Armor: Animal skin       |    44 |    54 |   100 |       ||   198
       Robe              |       |       |    36 |     9 ||    45
Dodge: Dodged            |    66 |   119 |   277 |    13 ||   475
